 Dungeon Crawl Stone Soup version 0.23.0 (webtiles) character file.

Game seed: 16511411970511368775

79 tidbits the Charmwright (level 4, -5/38 HPs)
             Began as a Gnoll Skald on Feb 15, 2019.
             Killed by divine providence
             ... invoked by an orc priest
              (12 damage)
             ... on level 3 of the Dungeon.
             The game lasted 00:05:29 (574 turns).

tidbits the Charmwright (Gnoll Skald)                Turns: 574, Time: 00:05:30

Health: -5/38      AC:  3    Str: 13    XL:     4   Next: 38%
Magic:  5/11       EV: 14    Int: 17    God:
Gold:   55         SH:  0    Dex: 14    Spells: 2/13 levels left

rFire    . . .     SeeInvis .   a - +0 spear
rCold    . . .     Gourm    .   (no shield)
rNeg     . . .     Faith    .   b - +0 leather armour
rPois    .         Spirit   .   (no helmet)
rElec    .         Reflect  .   (no cloak)
rCorr    .         Harm     .   (no gloves)
MR       .....                  (no boots)
Stlth    +.........             (no amulet)
HPRegen  1.12/turn              (no ring)
MPRegen  0.12/turn              (no ring)

@: regenerating, hasted, very quick
A: distributed training, fangs 1, strong nose
a: no special abilities


You were on level 3 of the Dungeon.
You were not hungry.

You visited 1 branch of the dungeon, and saw 3 of its levels.

You collected 55 gold pieces.

Inventory:

Hand Weapons
 a - a +0 spear (weapon)
 e - a +0 flail
 h - a +0 dagger
 i - a +2 vampiric scimitar
   (You found it on level 3 of the Dungeon)
 o - a +2 flail of protection
   (You found it on level 3 of the Dungeon)
Missiles
 j - a tomahawk (quivered)
Armour
 b - a +0 leather armour (worn)
Scrolls
 c - a scroll of amnesia {unknown}
 f - 4 scrolls of identify {unknown}
 g - a scroll of immolation {unknown}
 l - a scroll of magic mapping {unknown}
 n - a scroll of teleportation {unknown}
Comestibles
 d - 4 rations


   Skills:
 + Level 4.6 Fighting
 + Level 1.1 Short Blades
 + Level 1.1 Long Blades
 + Level 1.1 Axes
 + Level 1.1 Maces & Flails
 + Level 4.6 Polearms
 + Level 1.1 Staves
 + Level 1.1 Slings
 + Level 1.1 Bows
 + Level 1.1 Crossbows
 + Level 1.1 Throwing
 + Level 2.7 Armour
 + Level 4.6 Dodging
 + Level 1.1 Stealth
 + Level 1.1 Shields
 + Level 1.1 Unarmed Combat
 + Level 5.0 Spellcasting
 + Level 0.8 Conjurations
 + Level 0.8 Hexes
 + Level 5.4 Charms
 + Level 0.8 Summonings
 + Level 0.8 Necromancy
 + Level 0.8 Translocations
 + Level 0.8 Transmutations
 + Level 0.8 Fire Magic
 + Level 0.8 Ice Magic
 + Level 0.8 Air Magic
 + Level 0.8 Earth Magic
 + Level 0.8 Poison Magic
 + Level 1.2 Invocations
 + Level 1.1 Evocations


You had 2 spell levels left.
You knew the following spells:

 Your Spells              Type           Power        Failure   Level  Hunger
g - Shroud of Golubria    Chrm/Tloc      ###.......   8%          2    #......
i - Infusion              Chrm           ###.         1%          1    None
r - Regeneration          Chrm/Necr      ###.......   14%         3    ###....
w - Spectral Weapon       Hex/Chrm       ###.....     14%         3    ###....
y - Song of Slaying       Chrm           ###.....     2%          2    #......

Your spell library contained the following spells:

 Spells                   Type           Power        Failure   Level  Hunger


Dungeon Overview and Level Annotations

Branches:
Dungeon (3/15)

Altars:


Innate Abilities, Weirdness & Mutations

Your experience applies equally to all skills.
You have very sharp teeth.
Your uncanny sense of smell can sniff out nearby items.


Message History

The adder bites you but does no damage.
You hit the adder.
The adder is lightly wounded.
Your spectral weapon misses the adder.
The adder bites you.
You barely miss the adder.
The adder is lightly wounded.
Your spectral weapon barely misses the adder.
The adder bites you.
An orc comes into view. It is wielding a +0 club.
You barely miss the adder. Your bite misses the adder.
The adder is lightly wounded.
Your spectral weapon barely misses the adder.
The adder closely misses you.
You barely miss the adder.
The adder is lightly wounded.
Your spectral weapon fades away.
The adder barely misses you.
Casting: Spectral Weapon (safe; 16% risk of failure)
Confirm with . or Enter, or press ? or * to list all spells.
You draw out your weapon's spirit!
The adder bites you. The adder bites you but does no damage.
You hit the adder but do no damage.
The adder is lightly wounded.
Your spectral weapon closely misses the adder.
The adder barely misses you.
You closely miss the adder.
The adder is lightly wounded.
Your spectral weapon hits the adder.
The adder barely misses you.
An orc comes into view. It is wielding a +0 club.
You closely miss the adder.
The adder is heavily wounded.
The orc shouts!
You hear a shout! x2
Your spectral weapon hits the adder.
The adder completely misses you. The orc hits you with a +0 club.
* * * LOW HITPOINT WARNING * * *
You hit the adder.
The adder is severely wounded.
Your spectral weapon misses the adder.
The adder misses you.
You closely miss the adder. Your bite misses the adder.
The adder is severely wounded.
Your spectral weapon hits the adder.
You kill the adder!
The orc hits you with a +0 club.
* * * LOW HITPOINT WARNING * * *
You barely miss the orc.
Your spectral weapon hits the orc from afar.
An orc priest comes into view.
The orc barely misses you.
An orc comes into view. It is wielding a +0 mace.
You hit the orc.
You kill the orc!
The orc priest calls down the wrath of Beogh upon you.
Beogh smites you!
* * * LOW HITPOINT WARNING * * *
It was a potion of might.
You feel very mighty all of a sudden.
An orc comes into view.
It was a potion of cancellation.
Your magical effects are unravelling.
You feel magically purged.
You feel a little less mighty now. The orc hits you with a +0 club.
* * * LOW HITPOINT WARNING * * *
It was a potion of haste.
You feel yourself speed up. The orc closely misses you.
You swap places.
The orc barely misses your spectral weapon.
You see here an adder corpse.
Found 16 stones and a glowing scimitar.
You see here 16 stones.
You see here a glowing scimitar.
i - a glowing scimitar Unknown command.
A frilled lizard comes into view.
Unknown command.
Found 14 gold pieces.
You are too injured to fight recklessly!
You hit the frilled lizard.
The frilled lizard is heavily wounded.
Your spectral weapon barely misses the frilled lizard.
You closely miss the frilled lizard. You bite the frilled lizard.
You kill the frilled lizard!
Found a ration.
You see here a ration.
d - 4 rations (gained 1)
An orc priest comes into view. It is wielding a +0 hand axe.
You swap places.
Unknown command.
An orc comes into view. It is wielding a +0 hand axe.
Unknown command.
Your spectral weapon fades away.
You aren't carrying any potions.
Unknown command.
Casting: Spectral Weapon (safe; 14% risk of failure)
Confirm with . or Enter, or press ? or * to list all spells.
Your skin crawls.
Unknown command.
The orc priest invokes the aid of Beogh against you.
Beogh smites you!
You die...

## #.......# #. #. .. #.#
#.# ##o. .#. #.# #.# ...
...####.###.##.##...
#.................#
#.####.......#.####
####.##.ooo.....# #
#.......#....o..#
#.##o##.#......@#
#.##.##.#.......#
#....##.#.......# #
#..####.##.##.### .
#..####......$# .#
##.......##.#### .#
.......####.##########.####
.##o##.# #.......##......#
..#....# #............# .#


You could see an orc priest and 3 orcs.

Vanquished Creatures
  An orc wizard (D:3)
  An adder (D:3)
  2 worms
  5 orcs
  A giant cockroach (D:2)
  5 goblins
  3 hobgoblins
  4 jackals (D:1)
  A kobold (D:1)
  2 bats (D:1)
  4 frilled lizards
  2 rats
31 creatures vanquished.

Notes
Turn   | Place    | Note
-------+----------+-------------------------------------------
     0 | D:1      | tidbits the Gnoll Skald began the quest for the Orb.
     0 | D:1      | Reached XP level 1. HP: 20/20 MP: 6/6
   130 | D:2      | Reached XP level 2. HP: 26/26 MP: 1/7
   134 | D:2      | Learned a level 2 spell: Song of Slaying
   137 | D:2      | Learned a level 2 spell: Shroud of Golubria
   155 | D:2      | HP: 3/26 [orc/+0 flail (6)]
   315 | D:1      | Reached XP level 3. HP: 14/31 MP: 2/9
   320 | D:1      | Learned a level 3 spell: Regeneration
   324 | D:1      | Learned a level 3 spell: Spectral Weapon
   356 | D:1      | Reached skill level 5 in Spellcasting
   449 | D:3      | Reached skill level 1 in Short Blades
   449 | D:3      | Reached skill level 1 in Long Blades
   449 | D:3      | Reached skill level 1 in Axes
   449 | D:3      | Reached skill level 1 in Maces & Flails
   449 | D:3      | Reached skill level 1 in Staves
   449 | D:3      | Reached skill level 1 in Slings
   449 | D:3      | Reached skill level 1 in Bows
   449 | D:3      | Reached skill level 1 in Crossbows
   449 | D:3      | Reached skill level 1 in Throwing
   449 | D:3      | Reached skill level 1 in Stealth
   449 | D:3      | Reached skill level 1 in Shields
   449 | D:3      | Reached skill level 1 in Unarmed Combat
   449 | D:3      | Reached skill level 1 in Invocations
   449 | D:3      | Reached skill level 1 in Evocations
   449 | D:3      | Reached XP level 4. HP: 29/38 MP: 1/11
   535 | D:3      | HP: 6/38 [orc priest/divine providence (10)]
   537 | D:3      | HP: 2/38 [orc/+0 club (4)]
   574 | D:3      | Killed from afar by an orc priest

Skill      XL: |  1  2  3 |
---------------+----------+-----
Spellcasting   | 5 |  5.0
Short Blades   | 1 |  1.1
Long Blades    | 1 |  1.1
Axes           | 1 |  1.1
Maces & Flails | 1 |  1.1
Staves         | 1 |  1.1
Slings         | 1 |  1.1
Bows           | 1 |  1.1
Crossbows      | 1 |  1.1
Throwing       | 1 |  1.1
Stealth        | 1 |  1.1
Shields        | 1 |  1.1
Unarmed Combat | 1 |  1.1
Invocations    | 1 |  1.2
Evocations     | 1 |  1.1
Fighting       | |  4.6
Polearms       | |  4.6
Armour         | |  2.7
Dodging        | |  4.6
Conjurations   | |  0.8
Hexes          | |  0.8
Charms         | |  5.4
Summonings     | |  0.8
Necromancy     | |  0.8
Translocations | |  0.8
Transmutations | |  0.8
Fire Magic     | |  0.8
Ice Magic      | |  0.8
Air Magic      | |  0.8
Earth Magic    | |  0.8
Poison Magic   | |  0.8

Action                   |  1- 3 |  4- 6 || total
-------------------------+-------+-------++-------
Melee: Spear             |    64 |    27 ||    91
       Bite              |     6 |     2 ||     8
Throw: Tomahawk          |     2 |       ||     2
 Cast: Infusion          |     6 |       ||     6
       Spectral Weapon   |     3 |     2 ||     5
       Regeneration      |     1 |     1 ||     2
       Shroud of Golubri |     1 |       ||     1
       Song of Slaying   |     1 |       ||     1
  Use: Potion            |     1 |     3 ||     4
 Stab: Invisible         |     2 |       ||     2
       Distracted        |       |     1 ||     1
  Eat: Ration            |       |     1 ||     1
Armor: Leather armour    |     8 |     2 ||    10
Dodge: Dodged            |    26 |    11 ||    37

Table legend:
 A = Turns spent in this place as a percentage of turns spent in the entire game.
 B = Non-inter-level travel turns spent in this place as a percentage of non-inter-level travel turns spent in the entire game.
 C = Inter-level travel turns spent in this place as a percentage of turns spent in this place.
 D = Turns resting spent in this place as a percentage of non-inter-level travel turns spent in this place.
 E = Turns spent auto-exploring this place as a percentage of non-inter-level travel turns spent in this place.
 F = Non-inter-level travel turns spent in this place divided by the number of levels of this place that you've seen.
                   A       B       C       D       E      F
               +-------+-------+-------+-------+-------+----------------------
         Total | 100.0 | 100.0 |   0.0 |   0.0 |   0.0 | 191.3
       Dungeon | 100.0 | 100.0 |   0.0 |   0.0 |   0.0 | 191.3
               +-------+-------+-------+-------+-------+----------------------

Table legend:
 A = Kills in this place as a percentage of kills in entire the game.
 B = Kills by you in this place as a percentage of kills by you in the entire game.
 C = Kills by friends in this place as a percentage of kills by friends in the entire game.
 D = Other kills in this place as a percentage of other kills in the entire game.
 E = Experience gained in this place as a percentage of experience gained in the entire game.
 F = Experience gained in this place divided by the number of levels of this place that you have seen.
                   A       B       C       D       E      F
               +-------+-------+-------+-------+-------+----------------------
         Total | 100.0 | 100.0 |   N/A |   N/A | 100.0 |  38.0
       Dungeon | 100.0 | 100.0 |   N/A |   N/A | 100.0 |  38.0
               +-------+-------+-------+-------+-------+----------------------

Levels and vault maps discovered:
D:1:      zaba_arrival_water, layout_basic
D:2:      layout_loops_ring
D:3:      kennysheep_goblin_castle, layout_loops_cross, first_ration,
          kennysheep_slug_shrine
